 Dungeon Crawl Stone Soup version 0.20.1-1-g8b1a95d (webtiles) character file.

50 Mitsuki the Skirmisher (level 3, 0/49 HPs)
             Began as a Hill Orc Fighter on Oct 14, 2017.
             Succumbed to an adder's poison
             ... on level 2 of the Dungeon.
             The game lasted 00:01:59 (1198 turns).

Mitsuki the Skirmisher (Hill Orc Fighter)           Turns: 1198, Time: 00:01:59

Health: 0/49       AC: 21    Str: 19    XL:     3   Next: 79%
Magic:  3/3        EV:  2    Int:  8    God:
Gold:   32         SH:  9    Dex: 10    Spells: 2/2 levels left

rFire    + . .     SeeInvis .   a - +0 long sword
rCold    x . .     Gourm    .   c - +0 shield
rNeg     + + +     Faith    .   (armour currently unavailable)
rPois    +         Spirit   .   (helmet currently unavailable)
rElec    .         Reflect  .   (cloak currently unavailable)
rCorr    .         Harm     .   (gloves currently unavailable)
MR       +....     NoTele   +   (boots currently unavailable)
Stlth    +.........             (no amulet)
Regen    0.2/turn               g - ring of protection from magic
MPRegen  0.1/turn               i - ring of fire

@: lethally poisoned (0 -> -3), tree-form (expiring)
A: deterioration 1
a: no special abilities


You were on level 2 of the Dungeon.
You were not hungry.
You were a tree.
You visited 1 branch of the dungeon, and saw 2 of its levels.

You collected 32 gold pieces.

Inventory:

Hand Weapons
 a - a +0 long sword (weapon)
Armour
 b - a +0 scale mail (melded)
 c - a +0 shield (worn)
Jewellery
 g - a ring of protection from magic (left branch)
 i - a ring of fire (right branch)
Scrolls
 e - 3 scrolls of remove curse {unknown}
 h - 2 scrolls of identify {unknown}
 j - a scroll of random uselessness {unknown}
 m - a scroll of immolation {unknown}
 n - a scroll of enchant armour {unknown}
 q - a scroll of amnesia {unknown}
Potions
 d - 2 potions of might
 l - a potion of mutation
Comestibles
 f - 2 bread rations
 o - a chunk of flesh
 p - a royal jelly


   Skills:
 + Level 4.2 Fighting
 + Level 2.7 Long Blades
 + Level 3.8 Armour
 + Level 3.7 Shields


You had 2 spell levels left.
You didn't know any spells.

Dungeon Overview and Level Annotations

Branches:
Dungeon (2/15)

Altars:
Ashenzari


Innate Abilities, Weirdness & Mutations

((You are partially covered in slimy green scales. (AC +2)))
Your body sometimes deteriorates upon taking damage.


Message History

* * * LOW HITPOINT WARNING * * *
You feel sick.
* * * LOW HITPOINT WARNING * * *
You feel sick.
* * * LOW HITPOINT WARNING * * *
You feel sick.
* * * LOW HITPOINT WARNING * * *
You feel sick.
* * * LOW HITPOINT WARNING * * *
You feel sick.
* * * LOW HITPOINT WARNING * * *
You feel sick.
* * * LOW HITPOINT WARNING * * *
You feel sick.
* * * LOW HITPOINT WARNING * * *
You feel sick.
Your transformation is almost over.
* * * LOW HITPOINT WARNING * * *
You feel sick.
You die...

#........ ....##..#
#.#.##..#. #. # ...
#.#.##%.. .. .# ...
###.#.##.##.##. ...
............. ..#
#.###.#.##.##.# .
#.#
#.............#....
#.#
#.###.#####♣$......
#.# # #..#
#.#.#.... #<#
#.##..# #.# # !.
#.# #.....# #.#
#.#######.## #..
..........# ###
..........#
.......#### .#.###
....>..# .......


There were no monsters in sight!

Vanquished Creatures
  An adder (D:2)
  2 oozes (D:1)
  A leopard gecko (D:1)
  3 bats
  A giant cockroach (D:1)
  4 goblins (D:1)
  3 hobgoblins (D:1)
  A ball python (D:1)
  5 frilled lizards
  9 kobolds (D:1)
  4 rats
34 creatures vanquished.

Notes
Turn   | Place    | Note
-------+----------+-------------------------------------------
     0 | D:1      | Mitsuki the Hill Orc Fighter began the quest for the Orb.
     0 | D:1      | Reached XP level 1. HP: 19/19 MP: 1/1
   113 | D:1      | Reached XP level 2. HP: 27/27 MP: 2/2
   225 | D:1      | Reached skill level 4 in Fighting
   439 | D:1      | Reached XP level 3. HP: 33/33 MP: 3/3
   459 | D:1      | Found a shattered altar of Ashenzari.
  1180 | D:2      | Gained mutation: Your body sometimes deteriorates upon taking damage. [potion of mutation]
  1180 | D:2      | Gained mutation: You are weak. (Str -2) [potion of mutation]
  1180 | D:2      | Lost mutation: You are weak. (Str -2) [potion of mutation]
  1180 | D:2      | Gained mutation: You are partially covered in slimy green scales. (AC +2) [potion of mutation]
  1191 | D:2      | HP: 2/49 [poisoned by an adder]
  1198 | D:2      | Succumbed to an adder's poison

Skill      XL: |  1  2 |
---------------+-------+-----
Fighting       | 4 |  4.2
Long Blades    | |  2.7
Armour         | |  3.8
Shields        | |  3.7

Action                   || total
-------------------------++-------
Melee: Long sword        ||   115
  Use: Potion            ||     2
  Eat: Chunk             ||     1
Armor: Scale mail        ||    59
Dodge: Dodged            ||    35
Block: Shield            ||    51
       Rpst.: Long sword ||     8
